 Dungeon Crawl Stone Soup version 0.17.1-2-g5865329 (webtiles) character file.

164767 grizfap the Bludgeoner (level 17, -4/159 HPs)
             Began as a Minotaur Fighter on Jan 12, 2016.
             Was the Champion of Trog.
             Killed from afar by a starcursed mass (8 damage)
             ... with an accursed screaming
             ... on level 3 of the Abyss on Jan 13, 2016.
             The game lasted 02:23:28 (35528 turns).

grizfap the Bludgeoner (Minotaur Fighter)          Turns: 35528, Time: 02:23:28

Health: -4/159     AC: 35    Str: 27    XL:     17   Next: 26%
Magic:  12/12      EV:  8    Int: 14    God:    Trog [******]
Gold:   3382       SH: 17    Dex: 11    Spells: 0 memorised, 16 levels left

rFire  . . .     SeeInvis +     H - +2 eveningstar (protect)
rCold  + . .     Clarity  .     r - +1 crystal plate armour of Beyond {-Cast +Inv rC+ rN+ rCorr}
rNeg   + . .     SustAt   .     c - +1 shield
rPois  .         Gourm    +     (helmet restricted)
rElec  .         Spirit   .     C - +0 cloak
rCorr  +         Warding  .     y - +0 pair of gloves
rMut   .         Stasis   .     h - +0 pair of boots
MR     +++++     NoCast   +     K - amulet of the gourmand
Stlth  ..........               A - ring "Litufet" {*Contam Int+6 Slay+3 SInv}
                                o - ring of the Mage {Wiz MR++ Int+3}

@: regenerating, almost entirely resistant to hostile enchantments, extremely
unstealthy
A: retaliatory headbutt, horns 2, low mp 2, wild magic 1
a: Berserk, Trog's Hand, Brothers in Arms, Burn Spellbooks, Renounce Religion,
Evoke Invisibility


You were on level 3 of the Abyss.
You worshipped Trog.
Trog was exalted by your worship.
You were not hungry.

You visited 4 branches of the dungeon, and saw 28 of its levels.
You visited the Abyss 1 time.
You also visited: Bailey.

You collected 3382 gold pieces.

Inventory:

Hand Weapons
 a - a +3 demon whip
 w - the +2 mace of Valiance {crush, Dex+3}
   (You found it on level 11 of the Dungeon)

   It inflicts extra damage upon your enemies.
   It affects your dexterity (+3).
 H - a +2 eveningstar of protection (weapon)
 N - a +7 antimagic eveningstar
 R - a +2 antimagic demon whip
 Y - the +7 hand crossbow "Arbiter" {elec, rPois Int+2 Dex+2 Stlth-}
   (You found it in a bailey)

   It charges the ammunition it shoots with electricity; occasionally upon a
   hit, such missiles may discharge and cause terrible harm.
   It affects your intelligence (+2).
   It affects your dexterity (+2).
   It protects you from poison.
   It makes you less stealthy.
 Z - a +4 morningstar of protection
Missiles
 V - 17 tomahawks of returning (quivered)
 W - 18 poisoned bolts
Armour
 c - a +1 shield (worn)
 h - a +0 pair of boots (worn)
 r - the +1 crystal plate armour of Beyond (worn) {-Cast +Inv rC+ rN+ rCorr}
   (You acquired it on level 12 of the Dungeon)

   It protects you from cold.
   It protects you from negative energy.
   It lets you turn invisible.
   It prevents spellcasting.
   It protects you from acid and corrosion.
 y - a +0 pair of gloves (worn)
 C - a +0 cloak (worn)
Rods
 J - a +0 rod of inaccuracy (10/10)
   (You found it on level 4 of the Lair of Beasts)
Jewellery
 o - the ring of the Mage (left hand) {Wiz MR++ Int+3}
   (You found it on level 12 of the Dungeon)

   [ring of wizardry]

   It improves your spell success rate.
   It affects your intelligence (+3).
   It affects your resistance to hostile enchantments.
 A - the ring "Litufet" (right hand) {*Contam Int+6 Slay+3 SInv}
   (You found it on level 7 of the Lair of Beasts)

   [ring of see invisible]

   It affects your intelligence (+6).
   It affects your accuracy and damage with ranged weapons and melee attacks
   (+3).
   It lets you see invisible.
   It causes magical contamination when unequipped.
 K - an amulet of the gourmand (around neck)
Wands
 j - a wand of draining (8)
 p - a wand of paralysis (14)
 D - a wand of enslavement (24)
 L - a wand of flame (18)
Scrolls
 g - 12 scrolls of remove curse
 l - 5 scrolls of identify
 n - 6 scrolls of fear
 t - a scroll of recharging
 F - a scroll of fog
 G - 4 scrolls of teleportation
Potions
 d - 2 potions of might
 m - 7 potions of curing
 q - 4 potions of agility
 v - 2 potions of resistance
 O - 2 potions of haste
 P - 2 potions of flight
 S - 2 potions of cancellation
 X - a potion of cure mutation
Miscellaneous
 i - a plain deck of defence {Fortitude, drawn: 1}
 k - an ornate deck of changes
 z - a lantern of shadows
 T - a fan of gales
Comestibles
 b - 4 chunks of flesh
 e - 13 bread rations
 f - 9 beef jerkies
 u - 4 royal jellies
 x - 30 fruits
 B - 11 meat rations
 I - 6 slices of pizza


   Skills:
 + Level 16.3 Fighting
   Level 7.9(15.6) Axes
 + Level 20.6(21.0) Maces & Flails
 + Level 2.9 Crossbows
 + Level 3.4 Throwing
 + Level 15.9 Armour
 + Level 5.8 Dodging
 - Level 1.0 Stealth
 + Level 19.2 Shields


You had 16 spell levels left.
You didn't know any spells.

Dungeon Overview and Level Annotations

Branches:
Dungeon (15/15) Temple (1/1) D:4 Lair (8/8) D:9 Swamp (0/4) Lair:4 Spider (0/4) Lair:6 Slime (0/6) Lair:8 Orc (4/4) D:11 Elf (0/3) Orc:3 Vaults (0/5) D:13 D:14 Depths: D:15

Altars:
Dithmenos
Elyvilon
Fedhas
Gozag
Makhleb
Nemelex Xobeh
Okawaru
Qazlal
Ru
Sif Muna
Trog
Vehumet
Xom
Yredelemnul
Zin
The Shining One
Beogh
Jiyva

Shops:
D:9 (   D:13 [   Orc:1 *[}(   Orc:3 }   Orc:4 ==*}

Portals:
Trove: D:14 (show slimy rune of Zot)

Annotations:
D:9 exclusion: ice statue
D:15 Sonja


Innate Abilities, Weirdness & Mutations

You reflexively headbutt those who attack you in melee.
You have a pair of horns on your head.
Your magical capacity is very low (-20% MP).
Your spells are a little harder to cast, but a little more powerful.


Message History

You puncture the spatial maelstrom! You headbutt the spatial maelstrom!
The spatial maelstrom is severely damaged.
The spatial maelstrom hits you but does no damage.
The spatial maelstrom hits you.
* * * LOW HITPOINT WARNING * * *
Space warps horribly around you!
* * * LOW HITPOINT WARNING * * *
You block the spatial vortex's attack.
A spatial vortex comes into view.
You impale the spatial maelstrom!!
The spatial maelstrom is almost destroyed.
The spatial maelstrom hits you but does no damage.
The spatial maelstrom closely misses you.
You impale the spatial maelstrom!!
You destroy the spatial maelstrom!
You block the small abomination's attack.
You bludgeon the small abomination!!
You destroy the small abomination!
The starcursed mass shrieks in your mind.
You die...

# . . x.. #..
###### # # ..
#.X.v# #..##.
##'#..##
..##..##.v#v#.#.
## ..'
..+@....... ..
#..###..#..# #.
.##..#'# ..#..#
. . ⌠.#
..#.....# # #.
#..#X.)......v
.## )) . # . #.
x ###? ...# # ##
..# . ..)


You could see a starcursed mass and 3 spatial vortices.

Vanquished Creatures
  Norris (D:13)
  A profane servitor (Abyss:2)
  A tentacled monstrosity (Abyss:3)
  Rupert (Lair:3)
  3 acid blobs (Lair:8)
  A tentacled starspawn (Abyss:3)
  Roxanne (D:14)
  A cacodemon (Abyss:2)
  An orc warlord (Bailey)
  A balrug (Abyss:3)
  A stone giant (Orc:4)
  Nessos (Orc:4)
  A deep elf demonologist (Abyss:3)
  6 dire elephants (Lair:8)
  A mottled draconian (Abyss:3)
  Snorg (D:13)
  An anaconda (Lair:8)
  A catoblepas (D:10)
  4 centaur warriors
  10 hydras
  Erica (D:9)
  4 rakshasas
  A dancing weapon (Abyss:3)
  An ogre mage (Orc:3)
  2 thrashing horrors
  Urug (D:14)
  2 orc high priests (Orc:4)
  Nergalle (Orc:2)
  4 iron golems (D:10)
  A deep elf knight (D:13)
  2 spatial maelstroms
  An ice devil (Abyss:2)
  2 wizards (Abyss:3)
  7 orc knights
  22 starcursed masses
  5 unseen horrors
  Pikel (D:5)
  8 hill giants
  A deep elf conjurer (D:12)
  28 ugly things
  An oklob plant (Lair:4)
  3 orc sorcerers
  A griffon (Lair:5)
  A worldbinder (Abyss:3)
  An iron dragon skeleton (Abyss:2)
  A sixfirhy (Abyss:2)
  A guardian serpent (D:13)
  A cyclops (Orc:2)
  23 elephants
  A gargoyle (D:14)
  13 spiny frogs
  11 black mambas
  4 smoke demons
  A vault sentinel (D:14)
  A torpor snail (Lair:7)
  2 molten gargoyles (Lair:6)
  3 fire drakes
  7 komodo dragons
  4 ancient zymes (Abyss:2)
  2 yaktaurs (D:12)
  A tengu conjurer (D:14)
  9 trolls
  A polar bear (Lair:4)
  A troll (shapeshifter) (D:14)
  3 large abominations
  6 two-headed ogres
  2 boulder beetles
  24 blink frogs
  9 slime creatures
  A flying skull (Abyss:2)
  4 raiju
  A blink frog (shapeshifter) (Abyss:2)
  A trapdoor spider zombie (D:12)
  A ynoxinul (Abyss:2)
  A trapdoor spider (shapeshifter) (D:14)
  A redback (shapeshifter) (D:14)
  2 shadows (D:12)
  2 chaos spawn (Abyss:3)
  A deep elf mage (D:9)
  6 trapdoor spiders
  A vampire (Abyss:3)
  60 yaks
  14 humans
  2 neqoxecs (Abyss:2)
  2 wyverns
  4 wraiths
  Grum (D:8)
  4 basilisks
  A fire bat (shapeshifter) (D:13)
  The ghost of Poody the Archer, an amateur CeHu of Ru (D:4)
  10 hippogriffs
  11 vampire mosquitoes
  11 wolves
  3 hungry ghosts
  A spatial vortex (Abyss:2)
  2 wargs (Orc:2)
  4 mottled dragons
  19 water moccasins
  16 porcupines
  27 orc warriors
  23 ogres
  5 phantoms
  2 sky beasts (D:13)
  An eye of draining (Abyss:2)
  2 wasps
  13 centaurs
  A brain worm (D:12)
  8 big kobolds
  25 giant frogs
  19 crocodiles
  6 gnoll sergeants
  A water moccasin zombie (D:7)
  A wyvern skeleton (D:12)
  5 scorpions
  15 wights
  A killer bee (D:12)
  5 lava snakes (Lair:6)
  5 small abominations
  2 crimson imps
  2 giant frog zombies
  3 centaur zombies
  14 jellies
  32 orc wizards
  2 giant frog skeletons (D:11)
  A quasit (Abyss:2)
  6 hounds
  6 centaur skeletons
  20 orc priests
  8 iguanas
  37 sheep
  4 hell rats (Lair:3)
  13 worker ants
  A hound zombie (D:7)
  3 worker ant zombies
  15 gnolls
  94 river rats
  12 adders
  A shadow imp (D:6)
  A white imp (Abyss:2)
  15 oozes
  2 adder skeletons
  2 worms
  11 giant geckos
  171 orcs
  3 bats
  5 giant cockroaches
  14 hobgoblins
  10 jackals
  5 quokkas
  2 ball pythons
  5 giant newts
  14 goblins
  17 kobolds
  9 rats
  3 fungi
  9 plants
1199 creatures vanquished.

Vanquished Creatures (collateral kills)
  Maud (Orc:4)
  A rakshasa (Abyss:3)
  An orc high priest (Orc:4)
  A starcursed mass (Abyss:2)
  An ugly thing (D:12)
  A large abomination (Abyss:3)
  A cyclops (D:12)
  An orc sorcerer (Orc:4)
  2 raiju (Abyss:3)
  2 small abominations
  A trapdoor spider (D:12)
  A shadow (Abyss:3)
  A basilisk (D:14)
  2 yaks (D:14)
  2 humans (D:14)
  2 orc warriors (Orc:4)
  An orc priest (Orc:4)
  2 orc wizards (Orc:4)
24 creatures vanquished.

Vanquished Creatures (others)
  An orc wizard (Orc:2)
  A white imp (Abyss:2)
  A worm (D:5)
  An orc (Orc:2)
  A giant cockroach (D:5)
  31 fungi
  10 plants
46 creatures vanquished.

Grand Total: 1269 creatures vanquished

Notes
Turn   | Place    | Note
--------------------------------------------------------------
     0 | D:1      | grizfap the Minotaur Fighter began the quest for the Orb.
     0 | D:1      | Reached XP level 1. HP: 19/19 MP: 0/0
   182 | D:1      | Found a sparkling altar of Nemelex Xobeh.
   228 | D:1      | Reached XP level 2. HP: 27/27 MP: 1/1
   309 | D:1      | Reached skill level 4 in Shields
   927 | D:1      | Reached XP level 3. HP: 33/33 MP: 2/2
  1353 | D:2      | Found a shadowy altar of Dithmenos.
  1955 | D:3      | Reached skill level 1 in Dodging
  1955 | D:3      | Reached XP level 4. HP: 36/40 MP: 3/3
  1999 | D:3      | Found a faded altar to an unknown god.
  2476 | D:3      | Reached skill level 1 in Maces & Flails
  2476 | D:3      | Reached XP level 5. HP: 43/46 MP: 4/4
  2876 | D:4      | Noticed Poody's ghost (amateur CeHu)
  2885 | D:4      | Killed Poody's ghost
  2885 | D:4      | Reached skill level 5 in Armour
  2885 | D:4      | Reached skill level 5 in Shields
  2885 | D:4      | Reached XP level 6. HP: 51/53 MP: 5/5
  2897 | D:4      | Noticed an ogre
  2905 | D:4      | Killed an ogre
  2927 | D:4      | Found a staircase to the Ecumenical Temple.
  2987 | Temple   | Entered the Ecumenical Temple
  3135 | Temple   | Became a worshipper of Trog the Wrathful
  3454 | D:4      | Found a deep blue altar of Sif Muna.
  3628 | D:4      | Reached skill level 5 in Fighting
  3776 | D:5      | Entered Level 5 of the Dungeon
  3846 | D:5      | Reached XP level 7. HP: 61/61 MP: 6/6
  3881 | D:5      | Reached skill level 6 in Shields
  3956 | D:5      | Found a shimmering altar of Xom.
  4001 | D:5      | Noticed Pikel
  4023 | D:5      | Killed Pikel
  4023 | D:5      | Reached skill level 7 in Shields
  4023 | D:5      | Reached XP level 8. HP: 68/70 MP: 7/7
  4623 | D:6      | Reached skill level 1 in Stealth
  4705 | D:6      | Reached * piety under Trog
  5484 | D:7      | Reached skill level 5 in Maces & Flails
  5519 | D:7      | Reached skill level 8 in Shields
  5656 | D:7      | Reached XP level 9. HP: 68/78 MP: 8/8
  5720 | D:7      | Found an iron altar of Okawaru.
  5742 | D:7      | Found a basalt altar of Yredelemnul.
  5742 | D:7      | Found a sacrificial altar of Ru.
  5835 | D:7      | Found a flagged portal.
  5844 | D:7      | Reached ** piety under Trog
  5863 | Bailey   | Entered a bailey
  5868 | Bailey   | Noticed an orc warlord
  5941 | Bailey   | Found a runed gate.
  5944 | Bailey   | Found a runed gate.
  5950 | Bailey   | Found a runed gate.
  5967 | Bailey   | Reached skill level 5 in Axes
  6137 | Bailey   | Killed an orc warlord
  6137 | Bailey   | Reached skill level 9 in Shields
  6184 | Bailey   | Got a warped hand crossbow
  6306 | D:7      | Identified the +7 hand crossbow "Arbiter" {elec, rPois Int+2 Dex+2 Stlth-} (You found it in a bailey)
  6451 | D:7      | Found a basalt altar of Yredelemnul.
  6830 | D:8      | Found a shimmering altar of Xom.
  6879 | D:8      | Noticed Grum
  6885 | D:8      | Reached skill level 10 in Shields
  6903 | D:8      | Reached XP level 10. HP: 46/88 MP: 5/9
  6909 | D:8      | Killed Grum
  7193 | D:8      | Reached skill level 1 in Crossbows
  7207 | D:8      | Reached *** piety under Trog
  7232 | D:8      | Noticed a three-headed hydra
  7241 | D:8      | Killed an 11-headed hydra
  7482 | D:8      | Found a white marble altar of Elyvilon.
  8027 | D:9      | Noticed Erica
  8050 | D:9      | Killed Erica
  8050 | D:9      | Reached skill level 11 in Shields
  8287 | D:9      | Found a staircase to the Lair.
  8317 | D:9      | Found Jiskaoco's Antique Weapon Boutique.
  9137 | D:9      | Identified a scroll of acquirement
  9189 | Lair:1   | Entered Level 1 of the Lair of Beasts
  9207 | Lair:1   | Reached **** piety under Trog
  9220 | Lair:1   | Reached XP level 11. HP: 93/97 MP: 10/10
  9270 | Lair:1   | Noticed a black mamba
  9281 | Lair:1   | Killed a black mamba
  9686 | Lair:1   | Received a gift from Trog
  9711 | Lair:1   | Noticed a black mamba
  9719 | Lair:1   | Killed a black mamba
 10284 | Lair:1   | Reached skill level 10 in Fighting
 10319 | Lair:1   | Reached ***** piety under Trog
 10325 | Lair:1   | Reached skill level 10 in Armour
 10702 | Lair:2   | Reached skill level 12 in Shields
 11217 | Lair:2   | Noticed a seven-headed hydra
 11223 | Lair:2   | Killed a seven-headed hydra
 11719 | Lair:3   | Noticed Rupert
 11739 | Lair:3   | Killed Rupert
 11739 | Lair:3   | Reached skill level 13 in Shields
 11739 | Lair:3   | Reached XP level 12. HP: 80/108 MP: 6/11
 12244 | Lair:3   | Noticed a five-headed hydra
 12255 | Lair:3   | Killed a five-headed hydra
 13150 | Lair:4   | Received a gift from Trog
 13158 | Lair:4   | Reached skill level 5 in Dodging
 13237 | Lair:4   | Reached skill level 10 in Maces & Flails
 13249 | Lair:4   | Identified a +0 rod of inaccuracy (10/10) (You found it on level 4 of the Lair of Beasts)
 13761 | Lair:4   | Reached skill level 14 in Shields
 14414 | Lair:4   | Found a staircase to the Swamp.
 14734 | Lair:4   | Gained mutation: Your spells are a little harder to cast, but a little more powerful. [potion of beneficial mutation]
 15175 | Lair:5   | Reached XP level 13. HP: 110/116 MP: 12/12
 15296 | Lair:5   | Reached ****** piety under Trog
 15516 | Lair:5   | Received a gift from Trog
 15735 | Lair:5   | Noticed a six-headed hydra
 15748 | Lair:5   | Killed a six-headed hydra
 17095 | Lair:6   | Got a pitted spear
 17474 | Lair:6   | Got a steaming mace
 17477 | Lair:6   | Identified the cursed +0 mace of the Tent {flame, rC+ Str-3 SInv} (You found it on level 6 of the Lair of Beasts)
 17579 | Lair:6   | Found a hole to the Spider Nest.
 18350 | Lair:7   | Received a gift from Trog
 18368 | Lair:7   | Got a fine tin ring
 18369 | Lair:7   | Identified the ring "Litufet" {*Contam Int+6 Slay+3 SInv} (You found it on level 7 of the Lair of Beasts)
 18534 | Lair:7   | Reached skill level 15 in Shields
 18862 | Lair:7   | Reached XP level 14. HP: 74/127 MP: 4/13
 19113 | Lair:7   | Received a gift from Trog
 19739 | Lair:8   | Entered Level 8 of the Lair of Beasts
 19870 | Lair:8   | Received a gift from Trog
 20407 | Lair:8   | Found a runed door.
 20409 | Lair:8   | Found a viscous altar of Jiyva.
 20409 | Lair:8   | Noticed an acid blob
 20409 | Lair:8   | Noticed an acid blob
 20412 | Lair:8   | Noticed an acid blob
 20414 | Lair:8   | Found a staircase to the Slime Pits.
 20498 | Lair:8   | Killed an acid blob
 20502 | Lair:8   | Killed an acid blob
 20502 | Lair:8   | Reached skill level 16 in Shields
 20515 | Lair:8   | HP: 4/129 [acid (12)]
 21023 | Lair:8   | Killed an acid blob
 23771 | D:10     | Entered Level 10 of the Dungeon
 24115 | D:10     | Received a gift from Trog
 24310 | D:10     | You fall through a shaft for 2 floors!
 24437 | D:12     | Reached XP level 15. HP: 98/138 MP: 4/14
 24463 | D:12     | Reached skill level 15 in Maces & Flails
 24876 | D:12     | Identified the +10 spear "Ruynukhlul" {vamp, rF++ rC- Int+4} (You found it on level 6 of the Lair of Beasts)
 24893 | D:12     | Got a translucent crystal plate armour
 24912 | D:12     | Identified the +1 crystal plate armour of Beyond {-Cast +Inv rC+ rN+ rCorr} (You acquired it on level 12 of the Dungeon)
 24915 | D:12     | Found a deep blue altar of Sif Muna.
 25308 | D:12     | Received a gift from Trog
 25977 | D:11     | Got a polished mace
 25978 | D:11     | Identified the +2 mace of Valiance {crush, Dex+3} (You found it on level 11 of the Dungeon)
 26368 | D:11     | Received a gift from Trog
 26460 | D:11     | Found a staircase to the Orcish Mines.
 26488 | D:11     | Received a gift from Trog
 27020 | Orc:1    | Entered Level 1 of the Orcish Mines
 27020 | Orc:1    | Found Qamotoepp's General Store.
 27146 | Orc:2    | Noticed Nergalle
 27186 | Orc:2    | Killed Nergalle
 27186 | Orc:2    | Reached skill level 17 in Shields
 27315 | Orc:2    | Found a roughly hewn altar of Beogh.
 27688 | Orc:3    | Found a roughly hewn altar of Beogh.
 27806 | Orc:3    | Received a gift from Trog
 28019 | Orc:3    | Found Ismoptor's Gadget Boutique.
 28209 | Orc:3    | Received a gift from Trog
 28399 | Orc:3    | Found a staircase to the Elven Halls.
 29065 | Orc:1    | Found Saux's Weapon Shoppe.
 29065 | Orc:1    | Found Mofaimae's Gadget Boutique.
 29120 | Orc:1    | Found Sent's Antique Armour Shop.
 29368 | Orc:4    | Entered Level 4 of the Orcish Mines
 29382 | Orc:4    | Received a gift from Trog
 29788 | Orc:4    | Noticed Nessos
 29816 | Orc:4    | Killed Nessos
 30131 | Orc:4    | Noticed Maud
 30144 | Orc:4    | Killed Maud
 30150 | Orc:4    | Reached skill level 15 in Armour
 30168 | Orc:4    | Reached skill level 15 in Fighting
 30510 | Orc:4    | Found Maloqeas's Jewellery Shop.
 30510 | Orc:4    | Found Susho's Jewellery Shoppe.
 30513 | Orc:4    | Found Ripegrao's Assorted Antiques.
 30513 | Orc:4    | Found Ecycithre's Gadget Shoppe.
 31058 | D:13     | Found Jokhaff's Armour Shop.
 31474 | D:13     | Reached XP level 16. HP: 149/149 MP: 9/15
 31487 | D:13     | Noticed Snorg
 31500 | D:13     | Killed Snorg
 31850 | D:14     | Found a gate to the Vaults.
 31850 | D:14     | Noticed Norris
 31891 | D:13     | Killed Norris
 31891 | D:13     | Received a gift from Trog
 31891 | D:13     | Reached skill level 18 in Maces & Flails
 32564 | D:14     | Noticed Roxanne
 32667 | D:14     | Noticed Urug
 32678 | D:14     | Killed Urug
 33005 | D:14     | Found a portal to a secret trove of treasure.
 33087 | D:14     | Reached skill level 19 in Maces & Flails
 33437 | D:14     | Received a gift from Trog
 34238 | D:14     | Killed Roxanne
 34305 | D:15     | Entered Level 15 of the Dungeon
 34305 | D:15     | Noticed Sonja
 34309 | D:15     | Cast into the Abyss (Sonja)
 34943 | Abyss:2  | Reached skill level 20 in Maces & Flails
 34958 | Abyss:2  | Gained mutation: Your magical capacity is low (-10% MP). [a cacodemon]
 34963 | Abyss:2  | Paralysed by accursed screaming for 1 turns
 34972 | Abyss:2  | Paralysed by accursed screaming for 2 turns
 35032 | Abyss:2  | Gained mutation: Your magical capacity is very low (-20% MP). [a neqoxec]
 35082 | Abyss:2  | Noticed a profane servitor
 35093 | Abyss:2  | Killed a profane servitor
 35273 | Abyss:3  | Reached XP level 17. HP: 128/158 MP: 12/12
 35361 | Abyss:3  | Noticed a tentacled monstrosity
 35395 | Abyss:3  | Killed a tentacled monstrosity
 35525 | Abyss:3  | HP: 1/159 [spatial maelstrom (19)]
 35528 | Abyss:3  | Killed from afar by a starcursed mass

Action                   |  1- 3 |  4- 6 |  7- 9 | 10-12 | 13-15 | 16-18 || total
-------------------------+-------+-------+-------+-------+-------+-------++-------
Melee: War axe           |    41 |       |   188 |    66 |       |       ||   295
       Mace              |    50 |   100 |   118 |       |     7 |       ||   275
       Morningstar       |       |       |       |   696 |   516 |   156 ||  1368
       Eveningstar       |       |       |       |       |  1230 |   471 ||  1701
 Fire: Hand crossbow     |       |       |    11 |     7 |     4 |       ||    22
Throw: Tomahawk          |       |       |    19 |       |     4 |     6 ||    29
Invok: Burn Spellbooks   |       |       |     2 |     2 |     4 |     1 ||     9
       Berserk           |       |       |     1 |     5 |     5 |     8 ||    19
       Brothers in Arms  |       |       |       |       |     2 |     3 ||     5
       Trog's Hand       |       |       |       |       |       |     6 ||     6
Evoke: Deck              |       |       |       |     1 |       |       ||     1
       Rod               |       |       |       |     1 |       |       ||     1
       Wand              |       |       |       |       |       |     1 ||     1
  Use: Scroll            |       |     2 |       |    25 |    22 |     8 ||    57
       Potion            |       |       |       |     4 |     5 |     1 ||    10
 Stab: Distracted        |       |       |       |       |     1 |     3 ||     4
  Eat: Chunk             |     3 |     6 |    14 |    31 |    91 |    13 ||   158
       Pizza             |       |       |       |     2 |       |       ||     2
       Bread ration      |       |       |       |       |       |     1 ||     1
